 Dungeon Sprint DCSS version 0.28-a0-872-g80cf8599ee (webtiles) character file.

Game seed: 8984348918209391755

532932 mhtbhm the Minotaur Barricade (level 20, 0/216 HPs)
             Began as a Minotaur Fighter on Nov 20, 2021.
             Was an Initiate of Gozag.
             Succumbed to Gloorx Vloq's dark miasma
             ... in the Dungeon (Sprint IX: "|||||||||||||||||||||||||||||").
             The game lasted 00:38:20 (16918 turns).

mhtbhm the Minotaur Barricade (Minotaur Fighter)   Turns: 16918, Time: 00:38:21

Health: 0/216      AC: 41    Str: 38    XL:     20   Next: 34%
Magic:  42/42      EV: 14    Int: 12    God:    Gozag
Gold:   22874      SH: 33    Dex:  6    Spells: 40/40 levels left

rFire   + + +      SeeInvis .   a - +9 morningstar (holy)
rCold   + + +      Faith    .   H - +6 tower shield "Huodgh" {rElec rF+ Dex-5}
rNeg    . . .      Spirit   .   b - +12 gold dragon scales
rPois   +          Reflect  +   (helmet restricted)
rElec   +          Harm     .   m - +0 cloak of a treasure trove {rC+ Str+3}
rCorr   +          Rampage  +   J - +2 pair of gloves {Dex+3}
Will    ++...      NoTele   +   G - -6 pair of boots of the Thistle {Str+4}
Stlth   ++........              x - amulet of Faurrinot {Reflect Rampage rC+ MP+9 SH+5}
HPRegen 0.46/turn               n - ring of Heibronk {+Blink rF+ Str+4 Dex-3 Slay+4}
MPRegen 0.28/turn               P - ring "Docruol" {rElec rF+ Will+ Str-2 Int+7}

@: lethally poisoned (0 -> -54), resistant, on berserk cooldown, slowed, very
slow
A: horns 2, retaliatory headbutt, deterioration 1
}: 11/17 runes: decaying, serpentine, barnacled, slimy, elven, silver, golden,
obsidian, abyssal, fiery, gossamer
a: Renounce Religion, Evoke Blink, Potion Petition, Call Merchant, Bribe Branch


You were in the Dungeon.
You worshipped Gozag.
Gozag was extremely pleased with you.
You visited 1 branch You collected 54771 gold pieces.
You spent 10949 gold pieces at shops.
You paid 20948 gold pieces to Gozag.

Inventory:

Hand Weapons
 a - a +9 morningstar of holy wrath (weapon)
 c - the +8 morningstar of the Evil Eye {drain, rF+ Dex+2}
   (You acquired it in the Dungeon)

   A truly terrible weapon, it drains the life of any living foe it strikes.
   Dex:       It affects your dexterity (+2).
   rF:        It protects you from fire.
 d - a +9 trishula of holy wrath
 E - a +2 great mace of holy wrath
Missiles
 o - 2 silver javelins (quivered)
 A - 9 curare-tipped darts
Armour
 b - +12 gold dragon scales (worn)
 m - the +0 cloak of a treasure trove (worn) {rC+ Str+3}
   (You found it in the Dungeon)

   Str:       It affects your strength (+3).
   rC:        It protects you from cold.
 B - a +2 pair of boots of rampaging
 G - the -6 pair of boots of the Thistle (worn) {Str+4}
   (You bought it in a shop in the Dungeon)

   Str:       It affects your strength (+4).
 H - the +6 tower shield "Huodgh" (worn) {rElec rF+ Dex-5}
   (You acquired it in the Dungeon)

   Dex:       It affects your dexterity (-5).
   rF:        It protects you from fire.
   rElec:     It insulates you from electricity.
 J - a +2 pair of gloves of dexterity (worn)
Jewellery
 n - the ring of Heibronk (left hand) {+Blink rF+ Str+4 Dex-3 Slay+4}
   (You bought it in a shop in the Dungeon)

   [ring of slaying]

   Str:       It affects your strength (+4).
   Dex:       It affects your dexterity (-3).
   Slay:      It affects your accuracy & damage with ranged weapons and melee
   (+4).
   rF:        It protects you from fire.
   +Blink:    It lets you blink.
 x - the amulet of Faurrinot (around neck) {Reflect Rampage rC+ MP+9 SH+5}
   (You bought it in a shop in the Dungeon)

   [amulet of reflection]

   It reflects blocked missile attacks.
   rC:        It protects you from cold.
   MP:        It affects your magic capacity (+9).
   SH:        It affects your SH (+5).
   Rampage:   It bestows one free step when moving towards enemies.
 P - the ring "Docruol" (right hand) {rElec rF+ Will+ Str-2 Int+7}
   (You found it in the Dungeon)

   [ring of protection from fire]

   Str:       It affects your strength (-2).
   Int:       It affects your intelligence (+7).
   rF:        It protects you from fire.
   rElec:     It insulates you from electricity.
   Will:      It increases your willpower.
Wands
 K - a wand of iceblast (10)
Scrolls
 j - 4 scrolls of blinking
 k - 2 scrolls of amnesia
 t - 5 scrolls of enchant armour
 u - 4 scrolls of fog
 y - a scroll of immolation
 z - a scroll of holy word
 C - a scroll of silence
 D - 5 scrolls of fear
 L - a scroll of summoning
Potions
 e - 2 potions of curing
 f - 7 potions of heal wounds
 g - 10 potions of haste
 h - 10 potions of magic
 i - a potion of invisibility
 p - 2 potions of resistance
 q - 3 potions of brilliance
 s - 5 potions of mutation
 T - a potion of berserk rage
 U - 2 potions of might
Miscellaneous
 r - the horn of Geryon
 w - a lightning rod (4/4)
 F - a box of beasts
 N - a tin of tremorstones (2/2)


   Skills:
 O Level 27 Fighting
 - Level 1.3(1.6) Short Blades
 - Level 1.2(1.6) Long Blades
 - Level 1.2(20.9) Axes
 O Level 27 Maces & Flails
 + Level 17.8 Polearms
 - Level 1.2(20.9) Staves
 - Level 1.1(19.5) Slings
 - Level 1.2 Bows
 - Level 1.2 Crossbows
 O Level 27 Throwing
 O Level 27 Armour
 O Level 27 Dodging
 O Level 27 Stealth
 O Level 27 Shields
 - Level 6.1 Unarmed Combat
 + Level 10.9 Spellcasting
 + Level 11.9 Conjurations
 - Level 1.0 Hexes
 + Level 11.9 Summonings
 - Level 1.1 Necromancy
 - Level 1.1 Translocations
 - Level 1.2 Transmutations
 - Level 1.2 Fire Magic
 - Level 1.1 Ice Magic
 - Level 1.1 Air Magic
 - Level 1.2 Earth Magic
 - Level 1.1 Poison Magic
 - Level 1.1 Invocations
 O Level 27 Evocations


You had 40 spell levels left.
You didn't know any spells.
Your spell library contained the following spells:

 Spells                   Type           Power      Damage    Failure   Level
 Call Canine Familiar     Summ           35%        N/A       1%          3
 Summon Ice Beast         Ice/Summ       22%        N/A       28%         4
 Portal Projectile        Hex/Tloc       18%        N/A       61%         3
 Summon Mana Viper        Hex/Summ       22%        N/A       63%         5
 Leda's Liquefaction      Hex/Erth       4%         N/A       95%         4
 Monstrous Menagerie      Summ           17%        N/A       95%         7


Dungeon Overview and Level Annotations

Branches:
Dungeon (1/1)

Altars:
Cheibriados
Dithmenos
Elyvilon
Fedhas
Gozag
Hepliaklqana
Kikubaaqudgha
Makhleb
Nemelex Xobeh
Okawaru
Qazlal
Ru
Sif Muna
Trog
Uskayaw
Vehumet
Wu Jian
Xom
Yredelemnul
Zin
The Shining One
Beogh
Jiyva
Lugonu

Shops:
D [*(=*?=!*!??*[=

Annotations:
D Antaeus, Gloorx Vloq


Innate Abilities, Weirdness & Mutations

You have a pair of horns on your head.
You reflexively headbutt those who attack you in melee.
Your body sometimes deteriorates upon taking damage.


Message History

The Executioner seems to speed up.
Unknown command.
You sock Antaeus!
Antaeus convulses!
Antaeus is lightly wounded.
You are engulfed in dark miasma.
* * * LOW HITPOINT WARNING * * *
Unknown command.
You impale Antaeus!!
Antaeus convulses!!
Antaeus is moderately wounded.
Gloorx Vloq gestures at you.
The foul vapour engulfs the Executioner.
The Executioner completely resists.
Antaeus gestures at you. The bolt of lightning hits you! You resist.
* * * LOW HITPOINT WARNING * * *
You puncture Antaeus!
Antaeus convulses.
You headbutt Antaeus.
Antaeus is moderately wounded.
You are engulfed in dark miasma.
You feel as though you will be slow longer.
* * * LOW HITPOINT WARNING * * *
Antaeus hits you but does no damage. You block Antaeus's attack.
Unknown command.
Unknown command.
You are engulfed in dark miasma.
You are poisoned.
* * * LOW HITPOINT WARNING * * *
You feel extremely sick. Antaeus gestures at you.
The bolt of lightning hits you. You resist.
* * * LOW HITPOINT WARNING * * *
You see here a bone rune of Zot.
You feel a strong urge to attack something.
You are engulfed in dark miasma.
You are lethally poisoned!
* * * LOW HITPOINT WARNING * * *
You are no longer berserk.
You are exhausted.
You feel as though you will be slow longer.
You die...
Your body crumbles into a pile of gold.

....'...................'.....▓
▓▓▓▓▓▓▓▓▓▓▓▓▓▓▓▓▓▓▓▓▓▓▓▓▓▓▓▓▓.▓
..............................▓
▓▓▓▓▓▓▓▓▓▓▓▓▓▓▓▓▓▓▓▓▓▓▓▓▓▓▓▓▓▓▓
.'.........'......)....'......▓
▓▓▓▓▓▓▓▓▓▓▓▓▓▓▓▓▓▓▓▓▓▓▓▓▓▓▓▓▓.▓
..............................▓
▓▓▓▓▓▓▓▓▓▓▓▓▓▓▓▓▓▓▓▓▓▓▓▓▓▓▓▓▓▓▓
.....'○○○.....φ.@°°C1&11°°,,,,*
▓▓▓▓▓▓▓▓▓▓▓▓▓▓▓▓▓▓▓▓▓▓▓▓▓▓*****


You could see Antaeus, Gloorx Vloq and 3 Executioners.

Vanquished Creatures
  Cerebov (D)
  Ereshkigal (D)
  Asmodeus (D)
  the Royal Jelly (D)
  Lom Lobon (D)
  4 ancient liches (D)
  2 orbs of fire (D)
  Mennas (D)
  A juggernaut (D)
  Boris (D)
  4 royal mummies (D)
  Saint Roka (D)
  A Killer Klown (D)
  Frederick (D)
  Margery (D)
  Xtahua (D)
  Nikola (D)
  Geryon (D)
  3 golden dragons (D)
  2 electric golems (D)
  6 tentacled monstrosities (D)
  Rupert (D)
  27 Orb Guardians (D)
  A lich (D)
  3 deep elf blademasters (D)
  A titan (D)
  2 deep elf master archers (D)
  2 quicksilver dragons (D)
  8 acid blobs (D)
  3 death cobs (D)
  14 sphinxes (D)
  A tengu reaver (D)
  2 draconian knights (D)
  8 shadow dragons (D)
  Ilsuiw (D)
  4 azure jellies (D)
  3 storm dragons (D)
  2 draconian monks (D)
  7 nagarajas (D)
  A fire giant (D)
  6 rockslimes (D)
  3 frost giants (D)
  2 deep elf sorcerers (D)
  A fenstrider witch (D)
  Aizul (D)
  An orc warlord (D)
  4 ghost moths (D)
  3 draconian shifters (D)
  An emperor scorpion (D)
  A draconian stormcaller (D)
  2 quicksilver oozes (D)
  2 spriggan defenders (D)
  6 stone giants (D)
  7 very ugly things (D)
  9 vampire knights (D)
  4 ironbound preservers (D)
  5 green draconians (D)
  2 black draconians (D)
  A deep elf demonologist (D)
  A dire elephant (D)
  6 deep elf annihilators (D)
  2 purple draconians (D)
  A bunyip (D)
  2 yellow draconians (D)
  Azrael (D)
  6 red draconians (D)
  Snorg (D)
  A deep elf death mage (D)
  2 fire dragons (D)
  4 merfolk impalers (D)
  2 merfolk javelineers (D)
  4 ettins (D)
  3 mummy priests (D)
  5 yaktaur captains (D)
  25 vault guards (D)
  A great orb of eyes (D)
  A rakshasa (D)
  Erolcha (D)
  2 naga warriors (D)
  6 ice dragons (D)
  6 hydras (D)
  A death knight (D)
  A spriggan air mage (D)
  2 boulder beetles (D)
  A merfolk avatar (D)
  An alligator snapping turtle (D)
  4 merfolk aquamancers (D)
  A satyr (D)
  2 centaur warriors (D)
  An alligator (D)
  A thrashing horror (D)
  2 spriggan berserkers (D)
  5 orc high priests (D)
  A naga sharpshooter (D)
  6 hell knights (D)
  Nergalle (D)
  A shock serpent (D)
  13 spriggans (D)
  A wretched star (D)
  2 glowing orange brains (D)
  2 sea snakes (D)
  3 wizards (D)
  A naga ritualist (D)
  2 bog bodies (D)
  8 swamp dragons (D)
  5 ironbound convokers (D)
  2 phantasmal warriors (D)
  2 lindwurms (D)
  2 harpies (D)
  A lindwurm (shapeshifter) (D)
  4 orc knights (D)
  A deep elf pyromancer (D)
  5 wolf spiders (D)
  An orb spider (D)
  2 mana vipers (D)
  3 ugly things (D)
  An orc sorcerer (D)
  A worldbinder (D)
  3 manticores (D)
  15 moths of wrath (D)
  3 black mambas (D)
  A rust devil (D)
  An eye of devastation (shapeshifter) (D)
  Joseph (D)
  An apocalypse crab (D)
  3 vault sentinels (D)
  2 rime drakes (D)
  2 cane toads (D)
  Psyche (D)
  A freezing wraith (D)
  4 demonic crawlers (D)
  3 komodo dragons (D)
  A yaktaur (D)
  An efreet (D)
  21 guardian mummies (D)
  2 ancient zymes (D)
  A wandering mushroom (D)
  2 merfolk (D)
  A troll (D)
  A jumping spider (D)
  3 tyrant leeches (D)
  A wind drake (D)
  A slime creature (D)
  4 hornets (D)
  A blink frog (D)
  A vampire (D)
  3 redbacks (D)
  A water elemental (D)
  3 yaks (D)
  2 fire elementals (D)
  A basilisk (D)
  2 golden eyes (D)
  A vampire mosquito (D)
  5 nagas (D)
  A warg (D)
  An acid dragon (D)
  2 floating eyes (D)
  4 hell hounds (D)
  2 water moccasins (D)
  13 orc warriors (D)
  A swamp drake (D)
  An ogre (D)
  6 bullfrogs (D)
  A small abomination (D)
  2 orc priests (D)
  4 orc wizards (D)
  An iguana (D)
  A gnoll (D)
  5 worms (D)
  A dart slug (D)
  16 orcs (D)
  2 bats (D)
  A bat skeleton (D)
  A bat zombie (D)
  A ball python (D)
  A giant cockroach simulacrum (D)
  A rat (D)
  2 ball lightnings (D)
535 creatures vanquished.

Vanquished Creatures (others)
  A golden eye (D)
  3 ball lightnings (D)
4 creatures vanquished.

Grand Total: 539 creatures vanquished

Notes
Turn   | Place    | Note
-------+----------+-------------------------------------------
     0 | D        | mhtbhm the Minotaur Fighter began the quest for the Orb.
     0 | D        | Reached XP level 1. HP: 19/19 MP: 0/0
    90 | D        | Noticed an ogre
    90 | D        | Noticed an orc wizard
    90 | D        | Noticed an iguana
    93 | D        | Killed an ogre
    94 | D        | Reached XP level 2. HP: 31/31 MP: 1/1
    94 | D        | Reached XP level 3. HP: 38/38 MP: 2/2
    94 | D        | Reached XP level 4. HP: 45/45 MP: 3/3
   101 | D        | Reached XP level 5. HP: 53/53 MP: 4/4
   112 | D        | Found a snail-covered altar of Cheibriados.
   112 | D        | Found a shadowy altar of Dithmenos.
   112 | D        | Found a white marble altar of Elyvilon.
   112 | D        | Found a blossoming altar of Fedhas.
   112 | D        | Found an opulent altar of Gozag.
   113 | D        | Found a hazy altar of Hepliaklqana.
   114 | D        | Found a viscous altar of Jiyva.
   115 | D        | Found an ancient bone altar of Kikubaaqudgha.
   116 | D        | Found a corrupted altar of Lugonu.
   117 | D        | Found a burning altar of Makhleb.
   118 | D        | Found a sparkling altar of Nemelex Xobeh.
   119 | D        | Found an iron altar of Okawaru.
   120 | D        | Became a worshipper of Gozag Ym Sagoz the Greedy
   121 | D        | Found a stormy altar of Qazlal.
   122 | D        | Found a sacrificial altar of Ru.
   123 | D        | Found a shimmering blue altar of Sif Muna.
   124 | D        | Found a bloodstained altar of Trog.
   125 | D        | Found a hide-covered altar of Uskayaw.
   126 | D        | Found a radiant altar of Vehumet.
   127 | D        | Found an ornate altar of the Wu Jian Council.
   128 | D        | Found a shimmering altar of Xom.
   129 | D        | Found a basalt altar of Yredelemnul.
   130 | D        | Found a glowing silver altar of Zin.
   131 | D        | Found a glowing golden altar of the Shining One.
   190 | D        | Noticed a yak
   190 | D        | Noticed a troll
   190 | D        | Noticed an orc warrior
   190 | D        | Noticed a vampire
   190 | D        | Noticed a yak
   197 | D        | Killed a yak
   198 | D        | Reached skill level 1 in Dodging
   198 | D        | Reached XP level 6. HP: 37/63 MP: 5/5
   201 | D        | Killed a yak
   202 | D        | Killed a troll
   203 | D        | Reached skill level 10 in Fighting
   203 | D        | Reached skill level 10 in Armour
   203 | D        | Reached skill level 1 in Evocations
   203 | D        | Reached XP level 7. HP: 43/72 MP: 6/6
   204 | D        | Killed a vampire
   205 | D        | Reached skill level 10 in Shields
   344 | D        | Noticed a centaur warrior
   344 | D        | Noticed a deep elf pyromancer
   344 | D        | Noticed a purple ugly thing
   344 | D        | Noticed a boulder beetle
   344 | D        | Noticed an efreet
   344 | D        | Noticed a red ugly thing
   348 | D        | Noticed a fire elemental
   351 | D        | Killed a centaur warrior
   352 | D        | Reached skill level 10 in Maces & Flails
   352 | D        | Reached XP level 8. HP: 80/82 MP: 7/7
   355 | D        | Killed an efreet
   357 | D        | Killed a deep elf pyromancer
   358 | D        | Reached XP level 9. HP: 72/90 MP: 8/8
   361 | D        | Killed a cyan ugly thing
   362 | D        | Reached skill level 5 in Dodging
   368 | D        | Killed a purple ugly thing
   494 | D        | Killed a boulder beetle
   944 | D        | Noticed a komodo dragon
   944 | D        | Noticed a komodo dragon
   946 | D        | Noticed a cane toad
   954 | D        | Noticed a komodo dragon
   960 | D        | Killed a komodo dragon
   961 | D        | Reached XP level 10. HP: 57/101 MP: 9/9
  1300 | D        | Killed a cane toad
  1316 | D        | Reached skill level 15 in Armour
  1426 | D        | Noticed a cane toad
  1439 | D        | Reached skill level 15 in Maces & Flails
  1439 | D        | Reached skill level 5 in Evocations
  1444 | D        | Killed a cane toad
  1514 | D        | Noticed a lindwurm
  1768 | D        | Reached skill level 1 in Stealth
  1788 | D        | Killed a lindwurm
  2008 | D        | Noticed Joseph
  2021 | D        | Killed Joseph
  2022 | D        | Reached XP level 11. HP: 104/111 MP: 10/10
  2080 | D        | Bought a lightning rod (4/4) for 660 gold pieces
  2082 | D        | Noticed a stone giant
  2099 | D        | Killed a stone giant
  2100 | D        | Reached skill level 15 in Fighting
  2383 | D        | Noticed an orc knight
  2383 | D        | Noticed an orc high priest
  2384 | D        | Noticed an orc knight
  2387 | D        | Killed an orc high priest
  2389 | D        | Killed an orc knight
  2394 | D        | Noticed an orc sorcerer
  2396 | D        | Noticed a soul eater
  2400 | D        | Killed an orc knight
  2401 | D        | Reached skill level 15 in Shields
  2411 | D        | Killed an orc sorcerer
  2787 | D        | Found Suzehaz's Magic Scroll Emporium.
  2787 | D        | Noticed an orc high priest
  2787 | D        | Noticed an orc high priest
  2787 | D        | Noticed an orc high priest
  2788 | D        | Noticed an orc high priest
  2797 | D        | Killed an orc high priest
  2801 | D        | Noticed a sixfirhy
  2803 | D        | Killed an orc high priest
  2803 | D        | Killed an orc high priest
  2807 | D        | Killed an orc high priest
  2810 | D        | Noticed an orc knight
  2810 | D        | Found Uqutzykh's Magic Scroll Shoppe.
  2812 | D        | Found Latew's General Store.
  2823 | D        | Killed an orc knight
  2824 | D        | Found Wudoiq's Antique Armour Shoppe.
  2906 | D        | Bought a scroll of acquirement for 572 gold pieces
  2906 | D        | Bought a scroll of enchant weapon for 82 gold pieces
  2906 | D        | Bought a scroll of enchant armour for 82 gold pieces
  2910 | D        | Bought a scroll of immolation for 38 gold pieces
  2914 | D        | Bought a scroll of enchant armour for 75 gold pieces
  2914 | D        | Bought a scroll of holy word for 75 gold pieces
  2914 | D        | Bought a scroll of blinking for 75 gold pieces
  2916 | D        | Bought 6 curare-tipped darts for 46 gold pieces
  2916 | D        | Bought a scroll of blinking for 97 gold pieces
  2916 | D        | Bought a scroll of blinking for 97 gold pieces
  2920 | D        | Bought 3 scrolls of enchant armour for 292 gold pieces
  2922 | D        | Bought a pair of glowing boots for 142 gold pieces
  2941 | D        | Bought a scroll of silence for 75 gold pieces
  2946 | D        | Acquired the +8 morningstar of the Evil Eye {drain, rF+
                  | Dex+2}
  3021 | D        | Noticed Psyche
  3027 | D        | Killed Psyche
  3177 | D        | Noticed a boulder beetle
  3177 | D        | Noticed a centaur warrior
  3177 | D        | Noticed an orc knight
  3177 | D        | Noticed a death knight
  3177 | D        | Noticed a white ugly thing
  3261 | D        | Noticed an ice dragon
  3262 | D        | Killed a boulder beetle
  3265 | D        | Noticed a brown very ugly thing
  3267 | D        | Killed a centaur warrior
  3268 | D        | Reached skill level 5 in Stealth
  3268 | D        | Reached XP level 12. HP: 113/125 MP: 11/11
  3276 | D        | Killed a death knight
  3281 | D        | Killed a brown very ugly thing
  3284 | D        | Killed an ice dragon
  3285 | D        | Noticed a stone giant
  3287 | D        | Noticed a frost giant
  3290 | D        | Reached skill level 1 in Unarmed Combat
  3290 | D        | Noticed an ettin
  3295 | D        | Killed an ettin
  3296 | D        | Killed a stone giant
  3298 | D        | Killed a frost giant
  3432 | D        | Noticed Azrael
  3448 | D        | Killed Azrael
  3452 | D        | Reached skill level 10 in Evocations
  3493 | D        | Noticed Snorg
  3498 | D        | Killed Snorg
  3540 | D        | Noticed a fenstrider witch
  3540 | D        | Noticed an alligator
  3545 | D        | Killed a fenstrider witch
  3558 | D        | Killed an alligator
  3559 | D        | Reached XP level 13. HP: 121/137 MP: 12/12
  4504 | D        | Noticed Erolcha
  4510 | D        | Killed Erolcha
  4519 | D        | Noticed Rupert
  4531 | D        | Killed Rupert
  4533 | D        | Noticed Saint Roka
  4550 | D        | Killed Saint Roka
  4651 | D        | Noticed a spriggan defender
  4651 | D        | Noticed an ettin
  4651 | D        | Noticed a brown very ugly thing
  4662 | D        | Killed a spriggan defender
  4667 | D        | Killed a brown very ugly thing
  4670 | D        | Reached XP level 14. HP: 141/154 MP: 13/13
  4678 | D        | Noticed a sphinx
  4704 | D        | Killed a sphinx
  4706 | D        | Noticed a stone giant
  4709 | D        | Noticed a stone giant
  4721 | D        | Killed a stone giant
  4729 | D        | Killed a stone giant
  4731 | D        | Noticed a cyan very ugly thing
  4744 | D        | Killed a cyan very ugly thing
  5026 | D        | Noticed an ironbound preserver
  5026 | D        | Noticed a brown very ugly thing
  5026 | D        | Noticed an ironbound preserver
  5035 | D        | Killed an ironbound preserver
  5039 | D        | Killed a brown very ugly thing
  5047 | D        | Killed an ironbound preserver
  5050 | D        | Noticed an orc warlord
  5059 | D        | Noticed an ironbound preserver
  5071 | D        | Killed an orc warlord
  5078 | D        | Killed an ironbound preserver
  5089 | D        | Noticed a purple very ugly thing
  5112 | D        | Killed a purple very ugly thing
  5276 | D        | Noticed Aizul
  5287 | D        | Killed Aizul
  5314 | D        | Noticed Boris
  5340 | D        | Killed Boris
  5540 | D        | Noticed Mennas
  5591 | D        | Killed Mennas
  5592 | D        | Reached XP level 15. HP: 83/170 MP: 14/14
  5644 | D        | Noticed Nikola
  5657 | D        | Killed Nikola
  5680 | D        | Bought a pair of jewelled boots for 294 gold pieces
  5680 | D        | Identified the -6 pair of boots of the Thistle {Str+4} (You
                  | bought it in a shop in the Dungeon)
  5680 | D        | Bought an embroidered scarf for 248 gold pieces
  5691 | D        | Bought a pair of glowing gloves for 232 gold pieces
  5762 | D        | Got a decaying rune of Zot
  5883 | D        | Bought the ring of Heibronk {+Blink rF+ Str+4 Dex-3 Slay+4}
                  | for 1711 gold pieces
  5895 | D        | Noticed Ilsuiw
  5964 | D        | Killed Ilsuiw
  6010 | D        | Got a barnacled rune of Zot
  6029 | D        | Noticed a nagaraja
  6029 | D        | Noticed a nagaraja
  6029 | D        | Noticed a nagaraja
  6030 | D        | Noticed a nagaraja
  6038 | D        | Killed a nagaraja
  6040 | D        | Noticed a nagaraja
  6043 | D        | Killed a nagaraja
  6044 | D        | Reached skill level 27 in Shields
  6044 | D        | Killed a nagaraja
  6045 | D        | Reached skill level 27 in Fighting
  6045 | D        | Noticed a nagaraja
  6046 | D        | Killed a nagaraja
  6047 | D        | Noticed a nagaraja
  6051 | D        | Killed a nagaraja
  6056 | D        | Killed a nagaraja
  6058 | D        | Killed a nagaraja
  6072 | D        | Reached skill level 27 in Maces & Flails
  6080 | D        | Got a serpentine rune of Zot
  6128 | D        | Killed a ghost moth
  6152 | D        | Killed a ghost moth
  6155 | D        | Reached skill level 10 in Dodging
  6186 | D        | Reached skill level 10 in Stealth
  6194 | D        | Got a gossamer rune of Zot
  6367 | D        | Reached XP level 16. HP: 183/183 MP: 15/15
  6422 | D        | Reached skill level 15 in Evocations
  6503 | D        | Bought a potion of heal wounds for 60 gold pieces
  6503 | D        | Bought a potion of curing for 36 gold pieces
  6523 | D        | Noticed a shadow dragon
  6537 | D        | Noticed a tengu reaver
  6540 | D        | Noticed a shadow dragon
  6549 | D        | Killed a shadow dragon
  6554 | D        | Reached skill level 27 in Armour
  6556 | D        | Killed a tengu reaver
  6567 | D        | Killed a shadow dragon
  6572 | D        | Found the +7 sceptre of Asmodeus
  6573 | D        | Noticed Asmodeus
  6673 | D        | Bought the amulet of Faurrinot {Reflect Rampage rC+ MP+9
                  | SH+5} for 754 gold pieces
  6809 | D        | Killed Asmodeus
  6810 | D        | Reached skill level 15 in Stealth
  6938 | D        | Noticed a shadow dragon
  6938 | D        | Noticed a titan
  6938 | D        | Noticed a tentacled monstrosity
  6938 | D        | Noticed a quicksilver dragon
  6938 | D        | Noticed a shadow dragon
  6939 | D        | Noticed a tentacled monstrosity
  6948 | D        | Noticed a shadow dragon
  6949 | D        | Killed a shadow dragon
  6950 | D        | Reached skill level 15 in Dodging
  6952 | D        | Killed a titan
  6952 | D        | Noticed a shadow dragon
  6958 | D        | Killed a tentacled monstrosity
  6964 | D        | Killed a tentacled monstrosity
  6971 | D        | Killed a shadow dragon
  6976 | D        | Killed a shadow dragon
  6989 | D        | Killed a shadow dragon
  6995 | D        | Killed a quicksilver dragon
  6999 | D        | Got a silver rune of Zot
  7335 | D        | Noticed Nergalle
  7339 | D        | Killed Nergalle
  7342 | D        | Noticed Xtahua
  7349 | D        | Killed Xtahua
  7416 | D        | Got the ring of the Castellan {*Corrode rN+ Will++ Dex+3
                  | Slay+2}
  7418 | D        | Got the ring "Docruol" {rElec rF+ Will+ Str-2 Int+7}
  7420 | D        | Got the ring of Opsugu {*Corrode rPois Will+ Slay+4 Stlth+}
  7422 | D        | Got the ring of Salvation {Fire Contam rPois rCorr Dex+5}
  7446 | D        | Got the +0 cloak of a treasure trove {rC+ Str+3}
  7559 | D        | Noticed Frederick
  7566 | D        | Killed Frederick
  7572 | D        | Noticed Margery
  7587 | D        | Killed Margery
  7588 | D        | Reached XP level 17. HP: 176/191 MP: 16/16
  7682 | D        | Noticed a juggernaut
  7701 | D        | Killed a juggernaut
  7709 | D        | Paralysed by a floating eye for 3 turns
  8097 | D        | Noticed a tentacled monstrosity
  8117 | D        | Killed a tentacled monstrosity
  8352 | D        | Noticed a tentacled monstrosity
  8372 | D        | Killed a tentacled monstrosity
  8452 | D        | Noticed a golden dragon
  8461 | D        | Killed a golden dragon
  8486 | D        | Reached skill level 27 in Stealth
  8724 | D        | Noticed an Orb Guardian
  8724 | D        | Noticed an Orb Guardian
  8724 | D        | Noticed an Orb Guardian
  8724 | D        | Noticed an Orb Guardian
  8724 | D        | Noticed an Orb Guardian
  8724 | D        | Noticed an Orb Guardian
  8725 | D        | Noticed an Orb Guardian
  8726 | D        | Killed an Orb Guardian
  8733 | D        | Killed an Orb Guardian
  8734 | D        | Noticed an Orb Guardian
  8735 | D        | Killed an Orb Guardian
  8735 | D        | Noticed an Orb Guardian
  8737 | D        | Noticed an Orb Guardian
  8738 | D        | Killed an Orb Guardian
  8747 | D        | Killed an Orb Guardian
  8755 | D        | Killed an Orb Guardian
  8757 | D        | Killed an Orb Guardian
  8758 | D        | Reached XP level 18. HP: 167/200 MP: 17/17
  8763 | D        | Killed an Orb Guardian
  8764 | D        | Killed an Orb Guardian
  8767 | D        | Killed an Orb Guardian
  8845 | D        | Noticed a Killer Klown
  8845 | D        | Noticed an Orb Guardian
  8845 | D        | Noticed an Orb Guardian
  8845 | D        | Noticed a golden dragon
  8847 | D        | Noticed an Orb Guardian
  8849 | D        | Noticed an Orb Guardian
  9266 | D        | Killed an Orb Guardian
  9279 | D        | Killed an Orb Guardian
  9286 | D        | Killed a Killer Klown
  9315 | D        | Killed a golden dragon
  9316 | D        | Reached skill level 5 in Unarmed Combat
  9323 | D        | Killed an Orb Guardian
  9329 | D        | Killed an Orb Guardian
  9368 | D        | Noticed an ancient lich
  9369 | D        | Killed an ancient lich
  9375 | D        | Bought a box of beasts for 920 gold pieces
  9377 | D        | Bought 2 potions of heal wounds for 160 gold pieces
  9377 | D        | Bought a potion of heal wounds for 80 gold pieces
  9377 | D        | Bought a potion of curing for 48 gold pieces
  9377 | D        | Bought a potion of heal wounds for 80 gold pieces
  9377 | D        | Bought a potion of heal wounds for 80 gold pieces
  9377 | D        | Bought a potion of heal wounds for 80 gold pieces
  9377 | D        | Bought a potion of mutation for 128 gold pieces
  9377 | D        | Bought a potion of mutation for 128 gold pieces
  9377 | D        | Bought a potion of mutation for 128 gold pieces
  9377 | D        | Bought a potion of might for 64 gold pieces
  9380 | D        | Noticed an orb of fire
  9383 | D        | Gained mutation: Your body sometimes deteriorates upon
                  | taking damage. [an orb of fire]
  9393 | D        | Killed an orb of fire
  9497 | D        | Noticed an electric golem
  9506 | D        | Killed an electric golem
  9523 | D        | Noticed an electric golem
  9523 | D        | Noticed a tentacled monstrosity
  9523 | D        | Noticed an ancient lich
  9523 | D        | Noticed a tentacled monstrosity
  9531 | D        | Killed a tentacled monstrosity
  9532 | D        | Reached skill level 10 in Throwing
  9533 | D        | Killed an electric golem
  9533 | D        | Noticed an orb of fire
  9534 | D        | Noticed an Orb Guardian
  9537 | D        | Killed an ancient lich
  9538 | D        | Killed a tentacled monstrosity
  9543 | D        | Noticed a golden dragon
  9568 | D        | Killed an orb of fire
  9577 | D        | Killed an Orb Guardian
  9578 | D        | Reached skill level 15 in Throwing
  9578 | D        | Noticed an ancient lich
  9589 | D        | Killed a golden dragon
  9600 | D        | Killed an ancient lich
  9947 | D        | Noticed an Orb Guardian
  9947 | D        | Noticed an Orb Guardian
  9947 | D        | Noticed an Orb Guardian
  9947 | D        | Noticed an Orb Guardian
  9947 | D        | Noticed an Orb Guardian
  9947 | D        | Noticed an Orb Guardian
  9948 | D        | Killed an Orb Guardian
  9949 | D        | Noticed an Orb Guardian
  9951 | D        | Killed an Orb Guardian
  9952 | D        | Noticed an Orb Guardian
  9958 | D        | Killed an Orb Guardian
  9962 | D        | Killed an Orb Guardian
  9963 | D        | Noticed an Orb Guardian
  9964 | D        | Killed an Orb Guardian
  9965 | D        | Noticed an Orb Guardian
  9965 | D        | Killed an Orb Guardian
  9966 | D        | Killed an Orb Guardian
  9971 | D        | Killed an Orb Guardian
  9972 | D        | Noticed an Orb Guardian
  9973 | D        | Noticed an Orb Guardian
  9977 | D        | Killed an Orb Guardian
  9978 | D        | Killed an Orb Guardian
  9979 | D        | Killed an Orb Guardian
  9982 | D        | Killed an Orb Guardian
 10102 | D        | Noticed a lich
 10102 | D        | Noticed an ancient lich
 10105 | D        | Killed a lich
 10105 | D        | Killed an ancient lich
 10106 | D        | Reached XP level 19. HP: 207/207 MP: 18/18
 10114 | D        | Paralysed by something for 4 turns
 10131 | D        | Paralysed by a vampire knight for 3 turns
 10138 | D        | Paralysed by something for 5 turns
 10155 | D        | Reached skill level 27 in Dodging
 10183 | D        | Bought a potion of heal wounds for 200 gold pieces
 10183 | D        | Bought a potion of might for 160 gold pieces
 10183 | D        | Bought a scroll of enchant weapon for 300 gold pieces
 10183 | D        | Bought a scroll of enchant armour for 300 gold pieces
 10183 | D        | Bought a scroll labelled MAGIP KAPSESKE for 40 gold pieces
 10651 | D        | Got an elven rune of Zot
 10803 | D        | Reached skill level 27 in Throwing
 10803 | D        | Noticed the Royal Jelly
 10823 | D        | Killed the Royal Jelly
 10824 | D        | Reached skill level 27 in Evocations
 10872 | D        | HP: 2/207 [acid blob/splash of acid[the Royal Jelly] (36)]
 11550 | D        | Reached skill level 1 in Short Blades
 11563 | D        | Reached skill level 1 in Long Blades
 11563 | D        | Reached skill level 1 in Axes
 11563 | D        | Reached skill level 1 in Polearms
 11563 | D        | Reached skill level 1 in Staves
 11563 | D        | Reached skill level 1 in Slings
 11563 | D        | Reached skill level 1 in Bows
 11563 | D        | Reached skill level 1 in Crossbows
 11563 | D        | Reached skill level 1 in Invocations
 11660 | D        | Reached skill level 1 in Spellcasting
 11660 | D        | Reached skill level 1 in Conjurations
 11660 | D        | Reached skill level 1 in Hexes
 11660 | D        | Reached skill level 1 in Summonings
 11660 | D        | Reached skill level 1 in Necromancy
 11660 | D        | Reached skill level 1 in Translocations
 11660 | D        | Reached skill level 1 in Transmutations
 11660 | D        | Reached skill level 1 in Fire Magic
 11660 | D        | Reached skill level 1 in Ice Magic
 11660 | D        | Reached skill level 1 in Air Magic
 11660 | D        | Reached skill level 1 in Earth Magic
 11660 | D        | Reached skill level 1 in Poison Magic
 11772 | D        | Got a slimy rune of Zot
 11920 | D        | Reached skill level 5 in Polearms
 11929 | D        | Reached skill level 5 in Conjurations
 11929 | D        | Reached skill level 5 in Summonings
 11931 | D        | Reached skill level 5 in Spellcasting
 11932 | D        | Paralysed by a sphinx for 3 turns
 12224 | D        | Bought a scroll of acquirement for 884 gold pieces
 12224 | D        | Bought a scroll of acquirement for 884 gold pieces
 12224 | D        | Bought a scroll of enchant armour for 127 gold pieces
 12226 | D        | Acquired the +6 tower shield "Huodgh" {rElec rF+ Dex-5}
 12242 | D        | Acquired a +4 morningstar of holy wrath
 12355 | D        | Bought a scroll of enchant armour for 127 gold pieces
 12355 | D        | Bought a scroll of enchant weapon for 127 gold pieces
 12355 | D        | Bought a scroll of enchant weapon for 127 gold pieces
 12355 | D        | Bought a scroll of fog for 34 gold pieces
 12369 | D        | Reached skill level 10 in Polearms
 13665 | D        | Noticed a royal mummy
 13665 | D        | Noticed a royal mummy
 13670 | D        | Noticed a royal mummy
 13671 | D        | Noticed a royal mummy
 13671 | D        | Killed a royal mummy
 13871 | D        | Killed a royal mummy
 14128 | D        | Killed a royal mummy
 14129 | D        | Reached XP level 20. HP: 216/216 MP: 31/31
 14133 | D        | Killed a royal mummy
 14292 | D        | Got a golden rune of Zot
 14334 | D        | Got an abyssal rune of Zot
 14729 | D        | Noticed Geryon
 14736 | D        | Killed Geryon
 14742 | D        | Found the +6 sword of Cerebov {flame}
 14742 | D        | Noticed Cerebov
 14746 | D        | Noticed Lom Lobon
 14988 | D        | Killed Cerebov
 14989 | D        | Reached skill level 10 in Conjurations
 14989 | D        | Reached skill level 10 in Summonings
 16447 | D        | Noticed Ereshkigal
 16458 | D        | Killed Lom Lobon
 16459 | D        | Reached skill level 10 in Spellcasting
 16502 | D        | Killed Ereshkigal
 16896 | D        | Got an obsidian rune of Zot
 16900 | D        | Got a fiery rune of Zot
 16902 | D        | Noticed Gloorx Vloq
 16903 | D        | Noticed Antaeus
 16918 | D        | Succumbed to Gloorx Vloq's dark miasma

Illustrated notes

Levels and vault maps discovered:
D:        linesprint [early_d, line_temple, items_1, d_10, items_2, lair_1,
          lair_end, items_3, orc_1, orc_end, items_4, d_15, swamp_1, shoals_1,
          snake_1, spider_1, d_20, vaults_1, items_5, swamp_end, shoals_end,
          snake_end, spider_end, vaults_end, d_27, items_6, zot_1, zot_end,
          crypt_end, forest_end, elf_end, slime_end, tomb_end, abyss_end,
          pan_hell_end]

Skill      XL: |  1  2  3  4  5  6  7  8  9 10 11 12 13 14 15 16 17 18 19 20 |
---------------+-------------------------------------------------------------+-----
Fighting       | 6 7 9 10 11 12 13 14 17 19 22 25 27 | 27.0
Shields        | 6 7 8 9 11 12 13 14 15 18 21 24 27 | 27.0
Armour         | 6 7 8 10 12 13 14 16 17 18 19 20 24 27 | 27.0
Maces & Flails | 4 6 8 10 11 14 16 18 19 21 24 27 | 27.0
Dodging        | 1 2 4 5 6 7 8 11 16 21 26 27 | 27.0
Evocations     | 1 2 3 4 5 7 10 12 14 17 20 24 27 | 27.0
Stealth        | 2 5 7 9 10 19 27 | 27.0
Unarmed Combat | 1 2 6 |  6.1
Throwing       | 22 27 | 27.0
Short Blades   | 1 |  1.3
Long Blades    | 1 |  1.2
Axes           | 1 |  1.2
Polearms       | 13 17 | 17.8
Staves         | 1 |  1.2
Slings         | 1 |  1.1
Bows           | 1 |  1.2
Crossbows      | 1 |  1.2
Invocations    | 1 |  1.1
Spellcasting   | 8 10 | 10.9
Conjurations   | 8 11 | 11.9
Hexes          | 1 |  1.0
Summonings     | 8 11 | 11.9
Necromancy     | 1 |  1.1
Translocations | 1 |  1.1
Transmutations | 1 |  1.2
Fire Magic     | 1 |  1.2
Ice Magic      | 1 |  1.1
Air Magic      | 1 |  1.1
Earth Magic    | 1 |  1.2
Poison Magic   | 1 |  1.1

Action                   |  1- 3 |  4- 6 |  7- 9 | 10-12 | 13-15 | 16-18 | 19-21 || total
-------------------------+-------+-------+-------+-------+-------+-------+-------++-------
Melee: Flail             |    15 |    19 |    58 |   244 |       |       |       ||   336
       Headbutt          |       |     5 |    19 |    85 |   159 |   257 |    90 ||   615
       Morningstar       |       |       |       |    73 |   575 |   685 |   306 ||  1639
       Unarmed           |       |       |       |     2 |       |     4 |       ||     6
Throw: Javelin           |       |       |       |       |       |    10 |    22 ||    32
       Dart              |       |       |       |       |       |       |     4 ||     4
Invok: Potion Petition   |       |       |       |     1 |     4 |     2 |     7 ||    14
       Call Merchant     |       |       |       |     1 |     2 |     4 |     4 ||    11
Evoke: Wand              |       |     4 |     5 |       |       |       |     1 ||    10
       Lightning rod     |       |       |       |    30 |    20 |       |       ||    50
       Tin of tremorston |       |       |       |       |       |       |     2 ||     2
  Use: Potion            |     1 |     1 |       |     5 |     7 |     3 |    11 ||    28
       Scroll            |       |       |       |     1 |       |    19 |    18 ||    38
 Stab: Distracted        |       |       |       |     5 |    10 |    18 |     7 ||    40
       Sleeping          |       |       |       |       |       |     5 |     1 ||     6
Armor: Scale mail        |    10 |       |       |       |       |       |       ||    10
       Chain mail        |       |     8 |    25 |    52 |       |       |       ||    85
       Plate armour      |       |       |       |    25 |   144 |    26 |       ||   195
       Gold dragon scale |       |       |       |       |       |    91 |   115 ||   206
       Skin              |       |       |       |       |       |       |     3 ||     3
Dodge: Dodged            |    13 |     6 |    14 |    52 |    75 |    95 |    77 ||   332
Block: Buckler           |     3 |     4 |    11 |    48 |       |       |       ||    66
       Tower shield      |       |       |       |    43 |   390 |   466 |   223 ||  1122
       Reflection        |       |       |       |       |       |     3 |     8 ||    11

Table legend: (Time is in decaauts) A = Elapsed time spent in this place. B = Non-inter-level travel time spent in this place. C = Inter-level travel time spent in this place. D = Time resting spent in this place. E = Time spent auto-exploring this place. F = Levels seen in this place. G = Mean time per level. A B C D E F G +--------+--------+--------+--------+--------+-----+--------+ Total | 16268 | 15652 | 616 | 8448 | 1415 | 1 | 16268.0 | Dungeon | 16268 | 15652 | 616 | 8448 | 1415 | 1 | 16268.0 | +--------+--------+--------+--------+--------+-----+--------+

Top non-repeatable levels by time:
       D: 16268 daAuts
